 Dungeon Crawl Stone Soup version 0.28-a0-1613-gdaab1c2f9b (webtiles) character file.

Game seed: 12574498064919669926

56 Conn the Firebug (level 3, 0/21 HPs)
             Began as an Octopode Fire Elementalist on Jan 18, 2022.
             Slain by an adder (5 damage)
             ... on level 2 of the Dungeon on Jan 21, 2022.
             The game lasted 00:04:10 (1552 turns).

Conn the Firebug (Octopode Fire Elementalist)       Turns: 1552, Time: 00:04:11

Health: 0/21       AC:  1    Str:  7    XL:     3   Next: 95%
Magic:  6/6        EV: 13    Int: 19    God:
Gold:   54         SH:  0    Dex: 12    Spells: 5/6 levels left

rFire   . . .      SeeInvis .   c - +0 short sword
rCold   . . .      Faith    .   (no shield)
rNeg    . . .      Spirit   .   (helmet restricted)
rPois   .          Reflect  .   (no amulet)
rElec   .          Harm     .   (no ring)
rCorr   .          Rampage  .   (no ring)
Will    .....                   (no ring)
Stlth   +++.......              (no ring)
HPRegen 0.07/turn               (no ring)
MPRegen 0.10/turn               (no ring)
                                (no ring)
                                (no ring)

@: lethally poisoned (0 -> -5), flying
A: almost no armour, amphibious, 8 rings, camouflage 1, gelatinous body 1,
(nimble swimmer 1), tentacles
a: no special abilities


You were on level 2 of the Dungeon.
You visited 1 branch of the dungeon, and saw 2 of its levels.

You collected 54 gold pieces.

Inventory:

Hand Weapons
 c - a +0 short sword (weapon)
Scrolls
 a - a scroll of amnesia
 b - a scroll of identify {unknown}


   Skills:
 + Level 2.2 Dodging
 + Level 2.9 Stealth
 + Level 0.1 Unarmed Combat
 + Level 2.4 Spellcasting
 + Level 1.1 Conjurations
 + Level 4.1 Fire Magic


You had 5 spell levels left.
You knew the following spells:

 Your Spells              Type           Power      Damage    Failure   Level
a - Foxfire               Conj/Fire      48%        2x1d6     5%          1

Your spell library contained the following spells:

 Spells                   Type           Power      Damage    Failure   Level
 Scorch                   Fire           34%        2d7       4%          2
 Conjure Flame            Conj/Fire      12%        6-21      17%         3
 Inner Flame              Hex/Fire       10%        N/A       22%         3
 Flame Wave               Conj/Fire      12%        2d6       50%         4


Dungeon Overview and Level Annotations

Branches:
Dungeon (2/15)

Altars:

Shops:
D:2 *


Innate Abilities, Weirdness & Mutations

You cannot wear most types of armour.
You are amphibious.
You can wear up to eight rings at the same time.
Your skin changes colour to match your surroundings (Stealth+).
Your rubbery body absorbs attacks. (AC +1, EV +1)
((You are camouflaged when in or above water. (Stealth+)))
You have tentacles for arms and can constrict up to eight enemies at once.


Message History

d - a white potion A ball python comes into view.
The helpless ball python fails to defend itself.
You hit the ball python.
You kill the ball python!
Found a faded altar of an unknown god.
Found 3 large rocks.
You see here 3 large rocks.
An endoplasm comes into view.
The helpless endoplasm fails to defend itself.
You puncture the endoplasm!
You kill the endoplasm!
An adder comes into view.
The adder hisses angrily.
An adder is nearby!
You hit the adder. Your grab misses the adder.
The adder is moderately wounded.
The adder bites you.
You are poisoned.
The adder poisons you!
You miss the adder. Your grab misses the adder. Your squeeze misses the adder.
The adder is moderately wounded.
You feel sick. The adder bites you.
You feel sick. The adder bites you.
You are lethally poisoned!
The adder poisons you!
You feel sick.
It was a potion of flight.
You feel very buoyant.
You fly up into the air.
* * * LOW HITPOINT WARNING * * *
You feel sick. The adder bites you but does no damage.
You aren't carrying any potions.
As you read the scroll labelled BUALOH OH SEUROBAI, it crumbles to dust.
It is a scroll of amnesia.
Really abort (and waste the scroll)?
Okay, then.
* * * LOW HITPOINT WARNING * * *
You feel sick. The adder bites you.
You die...

#.# #.........# #..
#......##.# #..
#.###..# . ..## #..# #
### #.## #..# # #..
.#.## ##†.# #
#.###....####...####
#.S..# #..........
###.#@.# ...#........
#......#..####........
#.###..........<......
#.# #.#...#.#####)....
#.# #.....#.# ##.....
#.# #.8...#.# #......
#.# #.._....# #......
#.# #.8.....####..##.#
#.# #................#


You could see an adder.

Vanquished Creatures
  A gnoll (D:1)
  4 ball pythons
  6 endoplasms
  2 giant cockroaches (D:1)
  4 hobgoblins
  2 kobolds
  5 quokkas
  5 bats
  4 frilled lizards
  5 goblins
  2 rats
40 creatures vanquished.

Vanquished Creatures (others)
  93 foxfires
93 creatures vanquished.

Grand Total: 133 creatures vanquished

Notes
Turn   | Place    | Note
-------+----------+-------------------------------------------
     0 | D:1      | Conn the Octopode Fire Elementalist began the quest for the
                  | Orb.
     0 | D:1      | Reached XP level 1. HP: 11/11 MP: 3/3
   226 | D:1      | Reached XP level 2. HP: 16/17 MP: 0/5
   371 | D:1      | Upgraded the game from 0.28-a0-1545-g945cd3f27e to
                  | 0.28-a0-1613-gdaab1c2f9b
   378 | D:1      | Reached XP level 3. HP: 21/21 MP: 0/6
  1131 | D:2      | Found Rirosm's General Store.
  1429 | D:2      | Reached skill level 4 in Fire Magic
  1518 | D:2      | Found a faded altar of an unknown god.
  1552 | D:2      | Slain by an adder

Illustrated notes

Levels and vault maps discovered:
D:1:      psy_arrival_heroes, layout_basic, chequers_jeans
D:2:      layout_loops_ring, serial_shops, shop,
          dreamdust_ecumenical_altar_statues, minmay_pentomino_v2

Skill      XL: |  1  2  3 |
---------------+----------+-----
Fire Magic     | 4 |  4.1
Dodging        | |  2.2
Stealth        | |  2.9
Unarmed Combat | |  0.1
Spellcasting   | |  2.4
Conjurations   | |  1.1

Action                   || total
-------------------------++-------
Melee: Unarmed           ||    13
       Constrict         ||     4
       Tentacles         ||     2
       Short sword       ||    10
 Cast: Foxfire           ||    53
  Use: Scroll            ||     1
       Potion            ||     1
 Stab: Sleeping          ||     4
Armor: Skin              ||     2
Dodge: Dodged            ||    16

Table legend: (Time is in decaauts)
 A = Elapsed time spent in this place.
 B = Non-inter-level travel time spent in this place.
 C = Inter-level travel time spent in this place.
 D = Time resting spent in this place.
 E = Time spent auto-exploring this place.
 F = Levels seen in this place.
 G = Mean time per level.
                   A        B        C        D        E       F      G
               +--------+--------+--------+--------+--------+-----+--------+
         Total |   1552 |   1552 |      0 |      0 |   1178 |   2 |  776.0 |
       Dungeon |   1552 |   1552 |      0 |      0 |   1178 |   2 |  776.0 |
               +--------+--------+--------+--------+--------+-----+--------+

Top non-repeatable levels by time:
     D:1: 971 daAuts
     D:2: 580 daAuts
